 Dungeon Crawl Stone Soup version 0.20.1-1-g8b1a95d (webtiles) character file.

178 jmlagarto the Skirmisher (level 5, -1/48 HPs)
             Began as a Minotaur Fighter on Aug 13, 2017.
             Was a Follower of Qazlal.
             Slain by Grinder (4 damage)
             ... on level 3 of the Dungeon.
             The game lasted 00:07:28 (2013 turns).

jmlagarto the Skirmisher (Minotaur Fighter)         Turns: 2013, Time: 00:07:30

Health: -1/48      AC: 12    Str: 22    XL:     5   Next: 32%
Magic:  4/4        EV:  5    Int:  5    God:    Qazlal [*.....]
Gold:   150        SH: 11    Dex:  9    Spells: 4/4 levels left

rFire    . . .     SeeInvis .   a - +0 flail
rCold    . . .     Gourm    .   c - +0 shield
rNeg     . . .     Faith    .   j - +0 chain mail
rPois    .         Spirit   .   (helmet restricted)
rElec    .         Reflect  .   (no cloak)
rCorr    .         Harm     .   (no gloves)
MR       .....                  q - +2 pair of boots
Stlth    ..........             (no amulet)
Regen    0.2/turn               (no ring)
MPRegen  0.1/turn               (no ring)

@: no status effects
A: retaliatory headbutt, horns 2
a: Renounce Religion


You were on level 3 of the Dungeon.
You worshipped Qazlal.
Qazlal was aware of your devotion.
You were not hungry.

You visited 1 branch of the dungeon, and saw 3 of its levels.

You collected 150 gold pieces.

Inventory:

Hand Weapons
 a - a +0 flail (weapon)
 g - a +0 morningstar
Armour
 b - a +0 scale mail
 c - a +0 shield (worn)
 j - a +0 chain mail (worn)
 q - a +2 pair of boots (worn)
Jewellery
 r - an uncursed ring of poison resistance {unknown}
Scrolls
 i - a scroll of noise {unknown}
 m - a scroll of immolation
 t - a scroll of enchant weapon {unknown}
Potions
 d - 4 potions of might
 e - a potion of agility
 o - 2 potions of flight {unknown}
 s - a potion of heal wounds {unknown}
Comestibles
 f - 2 bread rations
 h - 2 royal jellies
 l - 2 meat rations
 n - a fruit
 p - 3 chunks of flesh


   Skills:
 * Level 5.0 Fighting
 * Level 3.7 Maces & Flails
 * Level 4.7 Armour
 * Level 4.7 Shields


You had 4 spell levels left.
You didn't know any spells.

Dungeon Overview and Level Annotations

Branches:
Dungeon (3/15)

Altars:
Ashenzari
Qazlal

Annotations:
D:3 Grinder


Innate Abilities, Weirdness & Mutations

You reflexively headbutt those who attack you in melee.
You have a pair of horns on your head.


Message History

You hit Grinder. Your headbutt misses Grinder.
Grinder is severely wounded.
Grinder blinks!
Grinder blinks!
Grinder gestures at you. Pain shoots through your body!
Found a dagger.
You hit Grinder but do no damage. Your headbutt misses Grinder.
Grinder is severely wounded.
Grinder hits you but does no damage.
You barely miss Grinder.
Grinder is severely wounded.
Grinder hits you.
* * * LOW HITPOINT WARNING * * *
You writhe in agony.
* * * LOW HITPOINT WARNING * * *
Grinder hits you.
* * * LOW HITPOINT WARNING * * *
You writhe in agony.
You die...

#... . ... #. ..#.#
#.. #. # #.#.# #.# #..
.###.#.# #.# #..###
......# #.# #..#.##
#...#####.#
#.....####..#.)....##
#.....†..............
#..5@...##.##.######.
#.......##.##.# #.
.)..<....####)##.# #.
####?............# ##.
#..#######.########..
#.#.......)..........[
##.#######.#######.##.
## #.# #.##. #.# #.##.


You could see Grinder.

Vanquished Creatures
  The ghost of shugdite the Skirmisher, an amateur MiFi (D:3)
  2 adders (D:2)
  4 worms
  A dart slug (D:2)
  3 giant cockroaches
  6 goblins
  4 hobgoblins
  6 jackals
  9 bats
  2 frilled lizards
  9 kobolds
  7 rats
54 creatures vanquished.

Notes
Turn   | Place    | Note
-------+----------+-------------------------------------------
     0 | D:1      | jmlagarto the Minotaur Fighter began the quest for the Orb.
     0 | D:1      | Reached XP level 1. HP: 19/19 MP: 0/0
   224 | D:1      | Reached XP level 2. HP: 19/27 MP: 1/1
   478 | D:1      | Reached skill level 4 in Fighting
   832 | D:1      | Reached XP level 3. HP: 20/33 MP: 2/2
  1074 | D:2      | Found a shattered altar of Ashenzari.
  1396 | D:2      | Reached XP level 4. HP: 30/41 MP: 3/3
  1729 | D:2      | Found a faded altar of an unknown god.
  1732 | D:2      | Became a worshipper of Qazlal Stormbringer
  1732 | D:2      | Reached * piety under Qazlal
  1909 | D:3      | Noticed shugdite's ghost (amateur MiFi)
  1917 | D:3      | Killed shugdite's ghost
  1917 | D:3      | Reached skill level 5 in Fighting
  1917 | D:3      | Reached XP level 5. HP: 48/48 MP: 4/4
  1923 | D:3      | Found a stormy altar of Qazlal.
  1982 | D:3      | Noticed Grinder
  1984 | D:3      | Paralysed by Grinder for 4 turns
  1994 | D:3      | Paralysed by Grinder for 7 turns
  2013 | D:3      | Slain by Grinder

Skill      XL: |  1  2  3  4 |
---------------+-------------+-----
Shields        | 4 |  4.7
Fighting       | 4 5 |  5.0
Maces & Flails | 3 |  3.7
Armour         | 4 |  4.7

Action                   |  1- 3 |  4- 6 || total
-------------------------+-------+-------++-------
Melee: Flail             |    78 |    64 ||   142
       Headbutt          |     6 |     9 ||    15
  Use: Scroll            |     3 |       ||     3
       Potion            |       |     2 ||     2
  Eat: Chunk             |     2 |     2 ||     4
Armor: Scale mail        |    26 |       ||    26
       Chain mail        |    30 |    34 ||    64
Dodge: Dodged            |    28 |    12 ||    40
Block: Shield            |    63 |    21 ||    84
